 Dungeon Crawl Stone Soup version 0.29.0-10-g45618ea6d2 (webtiles) character file.

Game seed: 4573608721340905876

1314 smilodon the Cudgeller (level 8, -3/60 HPs)
             Began as a Demonspawn Fighter on Sept 2, 2022.
             Was a Follower of Okawaru.
             Slain by a two-headed ogre
             ... wielding a +0 giant club
              (25 damage)
             ... on level 5 of the Dungeon.
             The game lasted 00:17:37 (5324 turns).

smilodon the Cudgeller (Demonspawn Fighter)         Turns: 5324, Time: 00:17:38

Health: -3/60      AC:  4    Str: 22    XL:     8   Next: 32%
Magic:  19/19      EV: 11    Int: 13    God:    Okawaru [*.....]
Gold:   271        SH:  5    Dex: 10    Spells: 8/10 levels left

rFire   . . .      SeeInvis .     - Unarmed
rCold   . . .      Faith    .   c - +1 buckler
rNeg    . . .      Spirit   .   m - +0 troll leather armour {Pargi}
rPois   +          Reflect  .   (no helmet)
rElec   .          Harm     .   (no cloak)
rCorr   .          Rampage  .   (no gloves)
Will    .....                   (no boots)
Stlth   +.........              (no amulet)
HPRegen 1.00/turn               e - ring of wizardry
MPRegen 0.16/turn               n - ring of magical power

@: mighty
A: powered by death 2, weakness stinger 1, claws 1, clever 1, poison resistance,
strong 1, evolution 1
a: Renounce Religion, Heroism


You were on level 5 of the Dungeon.
You worshipped Okawaru.
Okawaru was aware of your devotion.
You visited 2 branches of the dungeon, and saw 6 of its levels.
You also visited: Sewer.

You collected 310 gold pieces.
You spent 39 gold pieces at shops.

Inventory:

Hand Weapons
 a - a +1 war axe
 k - a +0 hammer
 l - a +2 vorpal flail
Missiles
 f - 5 boomerangs (quivered)
 w - 27 poisoned darts
Armour
 b - a +0 scale mail
 c - a +1 buckler (worn)
 i - a +0 cloak
 m - a +0 troll leather armour (worn) {Pargi}
 y - a +1 ring mail of fire resistance
Jewellery
 e - a ring of wizardry (left claw)
 n - a ring of magical power (right claw)
 x - a +6 ring of dexterity
Scrolls
 d - 2 scrolls of teleportation
 g - a scroll of torment
 h - a scroll of enchant weapon
 j - a scroll of immolation
 p - 2 scrolls of noise
 q - a scroll of fear
 r - a scroll of enchant armour
 u - 3 scrolls of amnesia
 C - a scroll of poison {unknown}
Potions
 o - 2 potions of cancellation
 s - 3 potions of invisibility
 t - 2 potions of might
 v - 2 potions of flight
 z - a potion of magic {unknown}
 A - 2 potions of haste {unknown}
 B - 2 potions of resistance {unknown}


   Skills:
 - Level 4.3 Fighting
 - Level 3.3(4.6) Axes
 - Level 4.9(5.4) Maces & Flails
 - Level 4.1 Armour
 - Level 2.8 Dodging
 - Level 1.2 Stealth
 - Level 3.6 Shields
 * Level 1.3 Unarmed Combat
 - Level 1.8 Spellcasting
 - Level 2.1 Translocations
 + Level 1.0 Invocations


You had 8 spell levels left.
You knew the following spells:

 Your Spells              Type           Power      Damage    Failure   Level
a - Blink                 Tloc           12%        N/A       10%         2

Your spell library contained the following spells:

 Spells                   Type           Power      Damage    Failure   Level
 Lesser Beckoning         Tloc           6%         N/A       19%         3
 Manifold Assault         Tloc           6%         N/A       85%         5


Dungeon Overview and Level Annotations

Branches:
Dungeon (5/15)             Temple (1/1) D:4           Sewer (visited)

Altars:
Cheibriados
Dithmenos
Fedhas
Gozag
Hepliaklqana
Kikubaaqudgha
Makhleb
Nemelex Xobeh
Okawaru
Qazlal
Ru
Sif Muna
Trog
Uskayaw
Vehumet
Wu Jian
Xom
Yredelemnul

Shops:
D:4 *


Innate Abilities, Weirdness & Mutations

You regenerate health from kills.
You have a small tail.
You have sharp fingernails.
Your mind is acute. (Int +4, Str/Dex -1)
Your system is resistant to poisons. (rPois)
Your muscles are strong. (Str +4, Int/Dex -1)
You have hidden genetic potential.


Message History

You miss the hound.
Your tail-slap misses the hound.
The hound bites you but does no damage. The hound misses you.
You closely miss the hound.
You tail-slap the hound, but do no damage.
The hound bites you.
You gain the combat prowess of a mighty hero.
The hound barely misses you. The hound completely misses you.
You scratch the two-headed ogre but do no damage.
You tail-slap the two-headed ogre, but do no damage.
The hound closely misses you. The two-headed ogre closely misses you.
The two-headed ogre hits you with a +0 giant club!!
You scratch the two-headed ogre.
The two-headed ogre is lightly wounded.
The hound completely misses you. The hound bites you.
You barely miss the two-headed ogre.
The two-headed ogre is lightly wounded.
The hound barely misses you. The two-headed ogre barely misses you.
The two-headed ogre closely misses you.
You claw the two-headed ogre! You tail-slap the two-headed ogre.
The two-headed ogre is moderately wounded.
The hound misses you.
You claw the two-headed ogre!
The two-headed ogre is moderately wounded.
The hound bites you but does no damage.
The two-headed ogre hits you with a +0 giant club!
The two-headed ogre hits you with a +0 giant club.
The hound barely misses you. The hound attacks as you move away!
The hound bites you but does no damage. The hound attacks as you move away!
You block the hound's attack. The hound closely misses you.
You closely miss the hound. The hound barely misses you. x2
You closely miss the hound. You block the hound's attack.
You completely miss the hound.
You feel like a meek peon again.
The two-headed ogre hits you with a +0 giant club! x2
* * * LOW HITPOINT WARNING * * *
The hound bites the fungus.
The fungus begins to die.
You feel very mighty all of a sudden.
The two-headed ogre hits you with a +0 giant club!!
You die...

#.###...#.#.#.#..####.#.#.#.####.
....#.hO#.....#.#.##.⌠.###.⌠.##.#
#.#h#...+.P...#.##.##.#.#.#.##.##
#.#.#...#.....#.###..#.....#...#
........#.._..#.# #............#
#.#..#..#..P.h..# #.....#.....##
.....#..#...P.<## #.###########
.#.>......#.#..####.#
.##.###.......hO@...# #.#
#####....###### #.# ###### #.


You could see a two-headed ogre and a hound.

Vanquished Creatures
  Eustachio (D:4)
  Edmund (D:4)
  A water moccasin (D:5)
  Pargi (Temple)
  4 kobold brigands (Sewer)
  A scorpion (D:5)
  A hound (D:5)
  3 orc priests (D:4)
  Crazy Yiuf (D:2)
  2 iguanas (D:4)
  Natasha (thrice) (D:3)
  Robin (D:2)
  3 gnolls (D:5)
  5 river rats (Sewer)
  6 adders
  7 dart slugs
  7 orcs
  5 ball pythons
  6 endoplasms
  6 giant cockroaches
  15 goblins
  12 hobgoblins
  4 jackals (D:3)
  18 kobolds
  5 quokkas
  5 bats
  2 frilled lizards
  21 rats
147 creatures vanquished.

Vanquished Creatures (others)
  A kobold (Sewer)
  12 fungi (D:5)
  9 plants
22 creatures vanquished.

Grand Total: 169 creatures vanquished

Notes
Turn   | Place    | Note
-------+----------+-------------------------------------------
     0 | D:1      | smilodon the Demonspawn Fighter began the quest for the
                  | Orb.
     0 | D:1      | Reached XP level 1. HP: 18/18 MP: 1/1
   297 | D:1      | Gained mutation: You regenerate a little health from kills.
                  | [demonic ancestry]
   297 | D:1      | Reached XP level 2. HP: 16/24 MP: 2/2
   899 | D:2      | Reached XP level 3. HP: 25/29 MP: 3/3
  1065 | D:2      | Noticed Robin
  1090 | D:2      | Killed Robin
  1118 | D:2      | Found a sacrificial altar of Ru.
  1249 | D:2      | Found a runed translucent door.
  1250 | D:2      | Noticed Crazy Yiuf
  1360 | D:2      | Killed Crazy Yiuf
  1361 | D:2      | Reached skill level 1 in Dodging
  1361 | D:2      | Reached XP level 4. HP: 26/35 MP: 4/4
  1474 | D:3      | Noticed Natasha
  1480 | D:3      | Killed Natasha
  1501 | D:3      | Noticed Natasha
  1509 | D:3      | Killed Natasha
  1510 | D:3      | Gained mutation: You regenerate health from kills. [demonic
                  | ancestry]
  1510 | D:3      | Reached XP level 5. HP: 31/41 MP: 5/5
  1586 | D:3      | Noticed Natasha
  1594 | D:3      | Killed Natasha
  1997 | D:3      | Gained mutation: You expend magic power (3 MP) to
                  | strengthen your wands. [potion of mutation]
  2015 | D:4      | Reached skill level 1 in Maces & Flails
  2027 | D:4      | Noticed Pargi
  2284 | D:4      | Found an ancient bone altar of Kikubaaqudgha.
  2319 | D:4      | Found a staircase to the Ecumenical Temple.
  2324 | D:4      | Reached XP level 6. HP: 30/48 MP: 6/6
  2364 | D:4      | Noticed Eustachio
  2405 | Temple   | Entered the Ecumenical Temple
  2440 | Temple   | Killed Pargi
  2750 | Temple   | Became a worshipper of Warmaster Okawaru
  2944 | D:4      | Found Iwauraeh's General Store.
  3320 | D:3      | Learned a level 2 spell: Blink
  3406 | D:4      | Killed Eustachio
  3407 | D:4      | Gained mutation: You have a small tail. [demonic ancestry]
  3407 | D:4      | Reached XP level 7. HP: 53/53 MP: 7/7
  3432 | D:4      | Bought a potion of flight for 39 gold pieces
  3476 | D:4      | Reached skill level 1 in Translocations
  3552 | D:4      | Noticed Edmund
  3945 | D:4      | Killed Edmund
  3946 | D:4      | Reached skill level 1 in Spellcasting
  3985 | D:4      | Lost mutation: You expend magic power (3 MP) to strengthen
                  | your wands. [potion of mutation]
  3985 | D:4      | Gained mutation: Armour fits poorly on your strangely
                  | shaped body. [potion of mutation]
  3985 | D:4      | Gained mutation: You have sharp toenails. [potion of
                  | mutation]
  3985 | D:4      | Gained mutation: You have razor-sharp toenails. [potion of
                  | mutation]
  3986 | D:4      | Lost mutation: Armour fits poorly on your strangely shaped
                  | body. [potion of mutation]
  3986 | D:4      | Lost mutation: You have razor-sharp toenails. [potion of
                  | mutation]
  3986 | D:4      | Lost mutation: You have sharp toenails. [potion of
                  | mutation]
  3986 | D:4      | Gained mutation: You have hidden genetic potential. [potion
                  | of mutation]
  3986 | D:4      | Gained mutation: Your muscles are strong. (Str +4, Int/Dex
                  | -1) [potion of mutation]
  3986 | D:4      | Gained mutation: Your mind is acute. (Int +4, Str/Dex -1)
                  | [potion of mutation]
  3986 | D:4      | Gained mutation: Your system is resistant to poisons.
                  | (rPois) [potion of mutation]
  4104 | D:5      | Entered Level 5 of the Dungeon
  4180 | D:5      | Found a glowing drain.
  4204 | Sewer    | Entered a sewer
  4427 | Sewer    | Reached * piety under Okawaru
  4512 | Sewer    | Reached XP level 8. HP: 60/60 MP: 10/10
  4983 | D:5      | Reached skill level 1 in Stealth
  4991 | D:5      | Gained mutation: You have sharp fingernails. [hidden
                  | potential]
  5123 | D:5      | Found a blossoming altar of Fedhas.
  5226 | D:5      | Reached skill level 1 in Unarmed Combat
  5226 | D:5      | Reached skill level 1 in Invocations
  5289 | D:5      | Noticed a two-headed ogre
  5324 | D:5      | Slain by a two-headed ogre

Illustrated notes

Levels and vault maps discovered:
D:1:      giann_bridges, layout_rooms
D:2:      layout_rooms, basic_altar, uniq_robin, uniq_crazy_yiuf_cottage
D:3:      layout_rooms, minmay_misc_feat_pillars, uniq_natasha
D:4:      layout_rooms, mainiacjoe_overflow_boulevard,
          minmay_temple_entry_wispy, serial_shops, shop, uniq_edmund,
          uniq_pargi, uniq_eustachio
D:5:      layout_basic, fedhas_altar_3, portal_sewer_entry_f, serial_shops,
          shop, grunt_decor_mini_mirrors
Temple:   dpeg_five_rooms_temple

Skill      XL: |  1  2  3  4  5  6  7  8 |
---------------+-------------------------+-----
Axes           | 2 3 |  3.3
Armour         | 3 4 |  4.1
Shields        | 3 |  3.6
Dodging        | 1 2 |  2.8
Maces & Flails | 1 2 4 |  4.9
Translocations | 1 2 |  2.1
Fighting       | 4 |  4.3
Spellcasting   | 1 |  1.8
Stealth        | 1 |  1.2
Unarmed Combat | 1 |  1.3
Invocations    | 1 |  1.0

Action                   |  1- 3 |  4- 6 |  7- 9 || total
-------------------------+-------+-------+-------++-------
Melee: War axe           |    86 |    44 |       ||   130
       Mace              |       |   102 |   234 ||   336
       Tailslap          |       |       |    45 ||    45
       Unarmed           |       |       |    64 ||    64
 Cast: Blink             |       |       |     1 ||     1
Invok: Heroism           |       |       |     4 ||     4
  Use: Scroll            |     5 |     4 |     4 ||    13
       Potion            |     7 |     1 |     8 ||    16
 Stab: Invisible         |       |       |     9 ||     9
Armor: Scale mail        |    52 |   168 |       ||   220
       Troll leather arm |       |     3 |   118 ||   121
Dodge: Dodged            |    50 |   172 |   198 ||   420
Block: Buckler           |    30 |    85 |    97 ||   212
